 Dungeon Crawl Stone Soup version 0.31-a0-845-g9abc20d24f (webtiles) character file.

Game seed: 10652135023314428686

472 freelancePsychic the Conjurer (level 6, -5/53 HPs)
             Began as an Armataur Conjurer on Oct 2, 2023.
             Slain by an orc
             ... wielding a +0 falchion
              (6 damage)
             ... on level 5 of the Dungeon.
             The game lasted 00:06:12 (4838 turns).

freelancePsychic the Conjurer (Armataur Conjurer)   Turns: 4838, Time: 00:06:13

Health: -5/53      AC:  6    Str: 19    XL:     6   Next: 83%
Magic:  1/8        EV:  9    Int: 20    God:
Gold:   255        SH:  0    Dex:  8    Spells: 5/8 levels left

rFire   . . .        s - +4 short sword (elec)
rCold   . . .        (no shield)
rNeg    . . .        h - +0 robe
rPois   .            (no helmet)
rElec   .            k - +0 cloak
rCorr   .            w - +0 pair of gloves
SInv    .            (no barding)
Will    .....        (no amulet)
Stlth   ++           u - +6 ring of strength
HPRegen 0.28/turn    (no ring)
MPRegen 0.11/turn

%: roll
@: hasted, very quick
A: large, rugged brown scales 3, deformed body, armoured tail, roll, long
tongue, awkward tongue
a: no special abilities


You were on level 5 of the Dungeon.
You visited 1 branch of the dungeon, and saw 5 of its levels.

You collected 255 gold pieces.

Inventory:

Hand Weapons
 a - a +2 dagger of speed
 s - a +4 short sword of electrocution (weapon)
 x - a +2 rapier of protection
Armour
 h - a +0 robe (worn)
 k - a +0 cloak (worn)
 w - a +0 pair of gloves (worn)
Magical Staves
 b - a staff of fire
Jewellery
 r - a ring of ice
 u - a +6 ring of strength (left hand)
Talismans
 g - a dragon-blood talisman
Wands
 n - a wand of iceblast (4)
 t - a wand of flame (5)
Scrolls
 d - a scroll of torment {unknown}
 f - a scroll of immolation {unknown}
 j - a scroll of teleportation {unknown}
 p - a scroll of identify {unknown}
 q - a scroll of poison {unknown}
Potions
 e - a potion of magic
 l - a potion of berserk rage {unknown}
 m - a potion of attraction {unknown}
 o - a potion of curing {unknown}
 v - 2 potions of brilliance {unknown}


   Skills:
 + Level 2.9 Fighting
 + Level 2.5 Short Blades
 - Level 1.3 Dodging
 - Level 3.0 Stealth
 - Level 1.7 Spellcasting
 * Level 5.9 Conjurations


You had 5 spell levels left.
You knew the following spells:

 Your Spells              Type           Power      Damage    Failure   Level
a - Magic Dart            Conj           100%       1d8       1%          1
b - Searing Ray           Conj           50%        2d6       2%          2

Your spell library contained the following spells:

 Spells                   Type           Power      Damage    Failure   Level
 Dazzling Flash           Conj/Hex       26%        N/A       14%         3
 Stone Arrow              Conj/Erth      26%        3d8       14%         3
 Sandblast                Erth           2%         2d4       16%         1
 Mephitic Cloud           Conj/Pois/Air  9%         N/A       22%         3
 Call Imp                 Summ           2%         N/A       24%         2
 Ensorcelled Hibernation  Hex/Ice        2%         N/A       24%         2
 Jinxbite                 Hex            2%         N/A       24%         2
 Passwall                 Tmut/Erth      0%         N/A       24%         2
 Brom's Barrelling Bould  Conj/Erth      13%        2d4       43%         4
 Fulminant Prism          Conj/Hex       6%         3d7       43%         4
 Iskenderun's Mystic Bla  Conj/Tloc      13%        2d5       43%         4
 Anguish                  Hex/Necr       0%         N/A       85%         4


Dungeon Overview and Level Annotations

Branches:
Dungeon (5/15)
 Temple: D:4-7

Altars:

Annotations:
D:3 Grinder


Innate Abilities, Weirdness & Mutations

You are completely covered in rugged brown scales. (AC +3, +7% HP)
Armour fits poorly on your strangely shaped body.
You have a long armoured tail.
You roll when moving toward enemies. (Rampage)
Your long tongue fully drains potion bottles. (2x potion effects)
Your tongue gives you trouble enunciating. (1.5x scroll delay)


Message History

The searing ray hits the orc priest!
You kill the orc priest!
You finish channelling your searing ray.
The orc closely misses you. x2; The orc hits you but does no damage.
The orc barely misses you. The orc hits you but does no damage.
You hit the orc.
Your tail-slap misses the orc.
The orc is lightly wounded.
The orc hits you with a +0 hand axe. The orc hits you with a +0 falchion.
The orc hits you from afar with a +0 trident.
The orc hits you but does no damage. The orc barely misses you.
You hit the orc but do no damage.
The orc is lightly wounded.
The orc hits you with a +0 hand axe.
* * * LOW HITPOINT WARNING * * *
The orc closely misses you.
The orc hits you from afar with a +0 trident!
* * * LOW HITPOINT WARNING * * *
The orc hits you with a +0 dagger.
* * * LOW HITPOINT WARNING * * *
The orc hits you but does no damage.
You hit the orc.
The orc is moderately wounded.
You feel yourself speed up.
You slurp down every last drop of the potion of haste {@q3}!
The orc closely misses you. The orc barely misses you.
The orc hits you but does no damage. The orc hits you with a +0 dagger.
* * * LOW HITPOINT WARNING * * *
The orc hits you but does no damage.
Casting: Searing Ray (safe; 2% risk of failure)
Confirm with . or Enter, or press ? or * to list all spells.
Aiming: Searing Ray (safe; 2% risk of failure)
Press: ? - help, Shift-Dir - straight line, f - orc
Aim: an orc, wielding a +0 dagger and wearing a +0 scale mail (moderately wounded, 82% to hit)
The searing ray hits the orc.
You kill the orc! (Press . to maintain the ray.)
The orc hits you from afar with a +0 trident.
* * * LOW HITPOINT WARNING * * *
The orc hits you with a +0 falchion.
You die...

..♣ #.........
..♣#.........
..#.........
♣...........
#...........
#...........
#..ooo......
#..)@)......
#.####o.....
###....# ..... #
####......# ....
..######....###+##
... .[.........##
.. .#.....##..# .
####.<##..#
#####..#


You could see 4 orcs.

Vanquished Creatures
  3 orc priests
  Jessica (D:3)
  4 orc wizards
  10 gnolls
  5 adders
  An ufetubus (D:4)
  4 worms
  A dart slug (D:2)
  14 orcs
  7 endoplasms
  4 giant cockroaches
  5 goblins
  4 hobgoblins
  9 kobolds
  3 quokkas
  9 ball pythons
  3 bats
  4 frilled lizards
  7 rats
98 creatures vanquished.

Notes
Turn   | Place    | Note
-------+----------+-------------------------------------------
     0 | D:1      | freelancePsychic the Armataur Conjurer began the quest for
                  | the Orb.
     0 | D:1      | Reached XP level 1. HP: 14/14 MP: 3/3
   779 | D:1      | Reached XP level 2. HP: 23/23 MP: 0/4
   782 | D:1      | Learned a level 2 spell: Searing Ray
  1371 | D:2      | Reached skill level 4 in Conjurations
  1483 | D:2      | Reached skill level 1 in Fighting
  1483 | D:2      | Reached XP level 3. HP: 23/29 MP: 0/5
  2319 | D:3      | Reached XP level 4. HP: 7/37 MP: 0/6
  2824 | D:3      | Noticed Grinder
  2876 | D:3      | Reached skill level 1 in Short Blades
  2957 | D:3      | Reached XP level 5. HP: 42/43 MP: 1/7
  3043 | D:3      | Reached skill level 5 in Conjurations
  3348 | D:3      | Noticed Jessica
  3353 | D:3      | Killed Jessica
  3669 | D:3      | Reached XP level 6. HP: 46/52 MP: 3/8
  4796 | D:5      | Entered Level 5 of the Dungeon
  4838 | D:5      | HP: 1/53 [orc/+0 trident (2)]
  4838 | D:5      | Slain by an orc

Illustrated notes

Levels and vault maps discovered:
D:1:      psy_arrival_heroes, layout_basic
D:2:      layout_loops_ring
D:3:      kb_forest_paths, layout_loops_ring, kennysheep_generic_room_3,
          uniq_grinder, uniq_jessica
D:4:      layout_loops_ring, corexii_item_surrounded_by_moat
D:5:      layout_gridville, kennysheep_ying_yang, serial_shops,
          nicolae_shop_advertising_works [nicolae_subvault_shop_adworks],
          grunt_ministairs_15

Skill      XL: |  1  2  3  4  5  6 |
---------------+-------------------+-----
Conjurations   | 4 5 |  5.9
Fighting       | 1 2 |  2.9
Stealth        | 3 |  3.0
Short Blades   | 1 2 |  2.5
Dodging        | |  1.3
Spellcasting   | |  1.7

Action                     |  1- 3 |  4- 6 || total
---------------------------+-------+-------++-------
  Melee: Tailslap          |     5 |    16 ||    21
         Unarmed           |     1 |       ||     1
         Staff             |     6 |       ||     6
         Dagger            |    32 |    62 ||    94
         Short sword       |       |    78 ||    78
   Cast: Magic Dart        |    15 |       ||    15
         Searing Ray       |    20 |    21 ||    41
  Evoke: Wand              |     1 |     1 ||     2
    Use: Potion            |     1 |     1 ||     2
         Scroll            |       |     2 ||     2
   Stab: Sleeping          |     4 |     7 ||    11
 Armour: Robe              |    29 |   126 ||   155
  Dodge: Dodged            |    17 |    74 ||    91

Table legend: (Time is in decaauts)
 A = Elapsed time spent in this place.
 B = Non-inter-level travel time spent in this place.
 C = Inter-level travel time spent in this place.
 D = Time resting spent in this place.
 E = Time spent auto-exploring this place.
 F = Levels seen in this place.
 G = Mean time per level.
                   A        B        C        D        E       F      G
               +--------+--------+--------+--------+--------+-----+--------+
         Total |   4777 |   4585 |    192 |     84 |   3911 |   5 |  955.4 |
       Dungeon |   4777 |   4585 |    192 |     84 |   3911 |   5 |  955.4 |
               +--------+--------+--------+--------+--------+-----+--------+

Top non-repeatable levels by time:
     D:3: 1488 daAuts
     D:1: 1216 daAuts
     D:2: 1149 daAuts
     D:4: 882 daAuts
     D:5: 40 daAuts
